 Dungeon Crawl Stone Soup version 0.31-a0-83-gbff143cfd1 (webtiles) character file.

Game seed: 16262402437072768416

2615 pascalblue the Destroyer (level 9, 0/42 (45) HPs)
             Began as a Deep Elf Conjurer on May 25, 2023.
             Slain by a wight
             ... wielding a +0 falchion
              (1 damage)
             ... on level 7 of the Dungeon.
             The game lasted 00:19:33 (7332 turns).

pascalblue the Destroyer (Deep Elf Conjurer)        Turns: 7332, Time: 00:19:34

HP:   0/42 (45)     AC:  7    Str:  4    XL:     9   Next: 34%
MP:   6/23          EV: 12    Int: 28    God:
Gold: 400           SH:  0    Dex: 13    Spells: 4/25 levels left

rFire   . . .        t - +3 whip (elec)
rCold   . . .        (no shield)
rNeg    . . .        a - +0 robe
rPois   .            (no helmet)
rElec   .            i - +1 cloak
rCorr   .            E - +2 pair of gloves
SInv    .            (no boots)
Will    .....        (no amulet)
Stlth   ++           (no ring)
HPRegen 0.27/turn    (no ring)
MPRegen 0.18/turn

%: no passive effects
@: on berserk cooldown, slowed, drained, very slow
A: no striking features
a: no special abilities


You were on level 7 of the Dungeon.
You visited 1 branch of the dungeon, and saw 8 of its levels.

You collected 400 gold pieces.

Inventory:

Hand Weapons
 f - a +0 vampiric dagger
 g - a +3 quarterstaff of chaos
 m - a +2 dagger of draining
 o - a +0 short sword of venom
 t - a +3 whip of electrocution (weapon)
Missiles
 c - 8 atropa-tipped darts
 d - 15 poisoned darts
Armour
 a - a +0 robe (worn)
 i - a +1 cloak (worn)
 l - a +2 pair of gloves
 n - a +0 cloak
 s - a +0 troll leather armour {Pargi}
 E - a +2 pair of gloves (worn)
Magical Staves
 k - a staff of cold
Jewellery
 w - a ring of wizardry
 x - a +6 ring of intelligence
 B - a ring of wizardry
Wands
 y - a wand of digging (4)
Potions
 b - 4 potions of magic
 e - a potion of ambrosia
 j - 3 potions of haste
 p - a potion of curing
 q - a potion of enlightenment
 v - a potion of cancellation
 z - a potion of might
 A - a potion of lignification
 D - 3 potions of invisibility


   Skills:
 - Level 2.4 Dodging
 - Level 2.4 Stealth
 * Level 8.8 Spellcasting
 + Level 9.6 Conjurations
 + Level 6.8 Hexes
 + Level 1.7 Translocations
 + Level 5.6 Fire Magic


You had 4 spell levels left.
You knew the following spells:

 Your Spells              Type           Power      Damage    Failure   Level
a - Magic Dart            Conj           100%       1d8       1%          1
b - Searing Ray           Conj           100%       2d8       1%          2
c - Fulminant Prism       Conj/Hex       25%        3d14      2%          4
d - Flame Wave            Conj/Fire      49%        2d12      3%          4
e - Sticky Flame          Conj/Fire      49%        2d7       3%          4
f - Sublimation of Blood  Necr           12%        N/A       7%          2
g - Iskenderun's Mystic   Conj/Tloc      38%        2d9       7%          4

Your spell library contained the following spells:

 Spells                   Type           Power      Damage    Failure   Level
 Scorch                   Fire           88%        2d9       1%          2
 Dazzling Flash           Conj/Hex       100%       N/A       1%          3
 Inner Flame              Hex/Fire       41%        N/A       1%          3
 Wereblood                Tmut           12%        N/A       7%          2
 Summon Cactus Giant      Summ           6%         N/A       100%        6
 Summon Hydra             Summ           6%         N/A       100%        7


Dungeon Overview and Level Annotations

Branches:
Dungeon (8/15)             Temple (0/1) D:7
   Lair: D:8-11

Altars:
Cheibriados
Elyvilon
Yredelemnul
Zin
The Shining One

Shops:
D:2 !(


Message History

You barely miss the wight.
The wight is severely damaged.
The wight barely misses you. The wight hits you but does no damage.
You closely miss the wight.
The wight is severely damaged.
The wight misses you. The wight completely misses you.
You whack the wight! Lightning courses through the wight!
You destroy the wight!
The wight barely misses you.
Your life force feels restored.
Things that are here:
a +5 long sword; a +0 robe You feel a strong urge to attack something.
Items here: (( ))) ††.
You are no longer berserk.
You are exhausted.
You feel yourself slow down. The wight attacks as you move away!
The wight closely misses you.
There is a stone staircase leading up, spattered with blood here.
The wight hits you with a +0 falchion.
You feel drained. The wight closely misses you.
You climb upwards.
The yak bellows!
The yak misses you. The yak completely misses you.
There is a stone staircase leading down, spattered with blood here.
The wight hits you with a +0 falchion.
* * * LOW HITPOINT WARNING * * *
You feel drained.
* * * LOW HITPOINT WARNING * * *
The yak gores you!
* * * LOW HITPOINT WARNING * * *
The orc wizard casts a spell.
The orc wizard flickers and vanishes!
Deactivating autopickup; reactivate with Ctrl-A.
The wight closely misses you.
You hear a shout!
The wight hits you with a +0 falchion.
* * * LOW HITPOINT WARNING * * *
You feel drained.
You die...

#. #.###.#.o$Y..Y.
#
#####.....#.#..#.##
.....#..##.#......
#.#.......#.##...
#####.?.###...#.#
..
............#.#.#
##..>.......#
#Yz........#
#@#.(......#
#.#..........
...........#.#
##.#........#..
#.#........#
..#......... ###
... ...


You could see a yak and a wight.

Vanquished Creatures
  Grinder (D:5)
  A yak (D:8)
  Duvessa (D:6)
  Pargi (D:3)
  A black bear (D:4)
  2 orc warriors
  A sky beast (D:7)
  5 ogres
  2 centaurs
  A phantom (D:4)
  2 kobold brigands (D:8)
  A scorpion (D:6)
  2 wights (D:8)
  Dowan (D:6)
  2 hounds
  2 jellies
  An orc priest (D:6)
  Crazy Yiuf (D:2)
  A sleepcap (D:5)
  Ijyb (D:4)
  An iguana (D:4)
  9 orc wizards
  6 gnolls
  6 adders
  A shadow imp (D:5)
  2 ufetubi (D:5)
  A worm (D:3)
  2 dart slugs
  12 orcs
  A bat (D:2)
  3 endoplasms
  5 giant cockroaches
  10 goblins
  11 hobgoblins
  16 kobolds
  A quokka (D:5)
  7 ball pythons
  A frilled lizard (D:1)
  9 rats
134 creatures vanquished.

Vanquished Creatures (others)
  5 fulminant prisms
5 creatures vanquished.

Grand Total: 139 creatures vanquished

Notes
Turn   | Place    | Note
-------+----------+-------------------------------------------
     0 | D:1      | pascalblue the Deep Elf Conjurer began the quest for the
                  | Orb.
     0 | D:1      | Reached XP level 1. HP: 10/10 MP: 6/6
   410 | D:1      | Reached XP level 2. HP: 15/15 MP: 6/8
   413 | D:1      | Learned a level 2 spell: Searing Ray
   582 | D:1      | Reached skill level 5 in Conjurations
   685 | D:1      | Found a faded altar of an unknown god.
  1184 | D:2      | Found a glowing golden altar of the Shining One.
  1324 | D:2      | Found Urithion's Weapon Shoppe.
  1340 | D:2      | Reached XP level 3. HP: 19/19 MP: 4/9
  1561 | D:2      | Found a runed translucent door.
  1562 | D:2      | Noticed Crazy Yiuf
  1814 | D:2      | Found Emuc's Distillery.
  2149 | D:2      | Killed Crazy Yiuf
  2150 | D:2      | Reached skill level 6 in Conjurations
  2150 | D:2      | Reached XP level 4. HP: 24/24 MP: 4/11
  2345 | D:3      | Found a glowing silver altar of Zin.
  2702 | D:3      | Found a basalt altar of Yredelemnul.
  2876 | D:3      | Noticed Pargi
  2884 | D:3      | Killed Pargi
  2885 | D:3      | Reached skill level 7 in Conjurations
  2885 | D:3      | Reached XP level 5. HP: 21/28 MP: 2/13
  3210 | D:3      | Identified the +0 whip of Circularity {freeze, rPois
                  | Will+++ Str-2 Dex+3}
  3347 | D:3      | Found a white marble altar of Elyvilon.
  3353 | D:3      | Found a snail-covered altar of Cheibriados.
  3634 | D:4      | Noticed a phantom
  3639 | D:4      | Killed a phantom
  3640 | D:4      | Reached XP level 6. HP: 32/32 MP: 7/14
  3724 | D:4      | Learned a level 4 spell: Fulminant Prism
  3729 | D:4      | Learned a level 4 spell: Flame Wave
  3737 | D:4      | Noticed an orc warrior
  3742 | D:4      | Killed an orc warrior
  3743 | D:4      | Reached skill level 5 in Spellcasting
  3743 | D:4      | Reached skill level 1 in Hexes
  3743 | D:4      | Reached skill level 1 in Fire Magic
  3869 | D:4      | Reached XP level 7. HP: 36/36 MP: 7/16
  3947 | D:4      | Learned a level 4 spell: Sticky Flame
  4034 | D:4      | Reached skill level 8 in Conjurations
  4281 | D:4      | Noticed Ijyb
  4285 | D:4      | Killed Ijyb
  4760 | D:5      | Entered Level 5 of the Dungeon
  5136 | D:5      | Noticed Grinder
  5142 | D:5      | Killed Grinder
  5143 | D:5      | Reached XP level 8. HP: 41/41 MP: 12/19
  5512 | D:5      | Reached skill level 5 in Hexes
  5971 | D:6      | Noticed Dowan
  5973 | D:6      | Noticed Duvessa
  5977 | D:6      | Killed Dowan
  5982 | D:6      | HP: 2/41 [Duvessa/+0 short sword (12)]
  5989 | D:6      | Reached skill level 9 in Conjurations
  6259 | D:6      | Killed Duvessa
  6260 | D:6      | Reached skill level 5 in Fire Magic
  6568 | D:6      | Reached XP level 9. HP: 40/45 MP: 14/23
  6657 | D:6      | Learned a level 2 spell: Sublimation of Blood
  7097 | D:6      | Learned a level 4 spell: Iskenderun's Mystic Blast
  7136 | D:7      | Found a staircase to the Ecumenical Temple.
  7223 | D:8      | HP: 2/45 [yak (6)]
  7287 | D:8      | Reached skill level 1 in Translocations
  7332 | D:7      | HP: 1/43 [wight/+0 falchion (4)]
  7332 | D:7      | Slain by a wight

Illustrated notes

Levels and vault maps discovered:
D:1:      dpeg_arrival_ratfight, layout_loops_corners,
          ebering_ecumenical_altar_abandoned, serial_bayou_ford_a
D:2:      layout_loops_ring, serial_shops, shop, shop, basic_altar,
          kennysheep_path_1, uniq_crazy_yiuf_cottage
D:3:      layout_basic, minitemple, grunt_temple_overflow_open,
          minmay_box_of_dots, uniq_pargi
D:4:      layout_loops_ring, minmay_a_box_with_orc_wizards_in_it, uniq_ijyb
D:5:      layout_basic, hangedman_abyss_or_decor_stagger, serial_bayou_crossing,
          uniq_grinder
D:6:      corexii_shack_village, layout_basic, uniq_duvessa
D:7:      layout_rooms, minmay_temple_entry_grid, serial_shops,
          nicolae_shop_just_a_little_nook
D:8:      layout_basic, nicolae_overflow_hidden_temple, kennysheep_boxes

Skill      XL: |  1  2  3  4  5  6  7  8  9 |
---------------+----------------------------+-----
Conjurations   | 5 6 7 8 9 |  9.6
Spellcasting   | 4 5 6 8 |  8.8
Hexes          | 2 4 6 |  6.8
Fire Magic     | 1 3 5 |  5.6
Translocations | 1 |  1.7
Dodging        | |  2.4
Stealth        | |  2.4

Action                     |  1- 3 |  4- 6 |  7- 9 || total
---------------------------+-------+-------+-------++-------
  Melee: Whip              |       |       |    32 ||    32
         Punch             |       |       |     1 ||     1
   Cast: Magic Dart        |    58 |    50 |    85 ||   193
         Searing Ray       |     1 |    10 |    36 ||    47
         Fulminant Prism   |       |       |     5 ||     5
    Use: Scroll            |     4 |     2 |    16 ||    22
         Potion            |       |       |     7 ||     7
 Armour: Robe              |       |     4 |    25 ||    29
  Dodge: Dodged            |     4 |    11 |    68 ||    83

Table legend: (Time is in decaauts)
 A = Elapsed time spent in this place.
 B = Non-inter-level travel time spent in this place.
 C = Inter-level travel time spent in this place.
 D = Time resting spent in this place.
 E = Time spent auto-exploring this place.
 F = Levels seen in this place.
 G = Mean time per level.
                   A        B        C        D        E       F      G
               +--------+--------+--------+--------+--------+-----+--------+
         Total |   7362 |   7150 |    212 |    367 |   5866 |   8 |  920.2 |
       Dungeon |   7362 |   7150 |    212 |    367 |   5866 |   8 |  920.2 |
               +--------+--------+--------+--------+--------+-----+--------+

Top non-repeatable levels by time:
     D:3: 1366 daAuts
     D:5: 1218 daAuts
     D:2: 1151 daAuts
     D:6: 1147 daAuts
     D:4: 1135 daAuts
     D:1: 1116 daAuts
     D:7: 120 daAuts
     D:8: 105 daAuts
